 Dungeon Crawl Stone Soup version 0.18-a0-1078-gebb93d0 (webtiles) character file.

1664 xgamer67 the Sneak (level 9, -1/51 HPs)
             Began as an Octopode Ice Elementalist on Jan 14, 2016.
             Was an Initiate of Vehumet.
             Slain by an ice beast (14 damage)
             ... on level 6 of the Dungeon.
             The game lasted 00:28:03 (7178 turns).

xgamer67 the Sneak (Octopode Ice Elementalist)      Turns: 7178, Time: 00:28:03

Health: -1/51      AC:  1    Str:  8    XL:     9   Next: 1%
Magic:  5/24       EV: 12    Int: 25    God:    Vehumet [......]
Gold:   258        SH:  0    Dex: 12    Spells: 5 memorised, 3 levels left

rFire  . . .     SeeInvis .     a - +1 dagger (venom)
rCold  . . .     Gourm    .     (no shield)
rNeg   . . .     Faith    .     (helmet restricted)
rPois  .         Spirit   .     (no amulet)
rElec  .         Dismiss  .     k - +5 ring of intelligence
rCorr  .         Reflect  .     x - ring of magical power
SustAt .         Harm     .     (no ring)
MR     .....                    (no ring)
Stlth  +++++.....               (no ring)
                                (no ring)
                                (no ring)
                                (no ring)

@: very slightly contaminated, not resistant to hostile enchantments, quite
stealthy
A: almost no armour, amphibious, 8 rings, constrict 8, camouflage 1, gelatinous
body 1
a: Renounce Religion


You were on level 6 of the Dungeon.
You worshipped Vehumet.
Vehumet was noncommittal.
You were near starving.

You visited 2 branches of the dungeon, and saw 8 of its levels.

You collected 258 gold pieces.

Inventory:

Hand Weapons
 a - a +1 dagger of venom (weapon)
 b - a +0 blowgun
 c - a +0 short sword
 D - a +0 whip
 E - the +7 rapier of the Sky {antimagic, rElec MR+ Str+4}
   (You found it on level 5 of the Dungeon)

   It disrupts the flow of magical energy around spellcasters and certain
   magical creatures (including the wielder).
   It affects your strength (+4).
   It insulates you from electricity.
   It affects your resistance to hostile enchantments.
 M - a +2 whip of freezing
Missiles
 g - 259 stones
 p - 2 javelins
 w - 19 poisoned needles
 y - 5 tomahawks (quivered)
Jewellery
 k - a +5 ring of intelligence (left tentacle)
 x - a ring of magical power (right tentacle)
Wands
 F - a wand of frost (24/48)
 H - a wand of lightning (5/15)
 L - a wand of paralysis (0/24)
Scrolls
 i - 2 scrolls of enchant weapon
 m - 4 scrolls of remove curse
 t - a scroll of enchant armour
 v - a scroll of fear
 B - a scroll of immolation
 C - 2 scrolls of recharging
 J - a scroll of amnesia {unknown}
Potions
 d - 3 potions of might {unknown}
 j - 2 potions of brilliance {unknown}
 l - a potion of poison {unknown}
 o - 4 potions of flight {unknown}
 q - 2 potions of agility
 s - a potion of mutation {unknown}
 u - 2 potions of lignification {unknown}
 z - a potion of curing
 G - a potion of berserk rage {unknown}
Books
 e - a book of Frost

   Spells                             Type                      Level
   a - Freeze                         Ice                          1
   b - Throw Frost                    Conjuration/Ice              2
   c - Ozocubu's Armour               Charms/Ice                   3
   d - Throw Icicle                   Conjuration/Ice              4
   e - Summon Ice Beast               Ice/Summoning                4
   f - Condensation Shield            Ice                          4
Comestibles
 h - 3 bread rations
 n - a fruit
 r - a slice of pizza
 A - a meat ration
 K - a beef jerky


   Skills:
 - Level 2.0 Dodging
 - Level 7.0 Stealth
 + Level 4.6 Spellcasting
 + Level 4.3 Conjurations
 - Level 3.2 Charms
 + Level 4.4 Summonings
 - Level 6.0 Ice Magic


You had 3 spell levels left.
You knew the following spells:

 Your Spells              Type           Power        Failure   Level  Hunger
a - Freeze                Ice            ####         1%          1    None
b - Throw Frost           Conj/Ice       ####..       1%          2    None
c - Throw Icicle          Conj/Ice       ####....     12%         4    ####...
d - Summon Ice Beast      Ice/Summ       ####....     12%         4    ####...
e - Ozocubu's Armour      Chrm/Ice       ####....     4%          3    ##.....


Dungeon Overview and Level Annotations

Branches:
Dungeon (7/15)             Temple (1/1) D:5

Altars:
Ashenzari
Cheibriados
Dithmenos
Elyvilon
Fedhas
Gozag
Kikubaaqudgha
Makhleb
Nemelex Xobeh
Okawaru
Pakellas
Qazlal
Ru
Sif Muna
Trog
Vehumet
Xom
Yredelemnul
Zin
The Shining One


Innate Abilities, Weirdness & Mutations

You cannot wear most types of armour.
You are amphibious.
You can wear up to eight rings at the same time.
You can use your tentacles to constrict eight enemies at once.
Your skin changes colour to match your surroundings (Stealth).
Your rubbery body absorbs attacks (AC +1).


Message History

The ice beast is moderately wounded.
You are near starving!
The ice beast closely misses you.
Casting: Throw Icicle
Confirm with . or Enter, or press ? or * to list all spells.
Aiming: Throw Icicle
Press: ? - help, Shift-Dir - straight line, f/p - ice beast
Aim: an ice beast (moderately wounded)
The shard of ice hits the ice beast.
The ice beast partially resists.
The ice beast is severely wounded.
The ice beast misses you.
Casting: Throw Icicle
Confirm with . or Enter, or press ? or * to list all spells.
Aiming: Throw Icicle
Press: ? - help, Shift-Dir - straight line, f/p - ice beast
Aim: an ice beast (severely wounded)
The shard of ice misses the ice beast.
The ice beast hits you.
* * * LOW HITPOINT WARNING * * *
The ice beast freezes you!
You die...

#....8###.#...# #..#
#..<.... ##[.### #.###.#
#..# #....... #...._#
#.# #.# #..# ##......
##..### #.# #.###..#
####### ### #...._#
#.###.>##..#
..###8..8####.#........#
..)..[..........##..#.##
..###########.#####.#.#
.......# #...@Y....#
.#####.#############..#
.# #.......# #..#
.###.......#########..#
.#.........##.....##.>#
##.###.######.###.#####
.#.###....###.# #.#
...##.......#.# #.#
.####.........# #<#


You could see an ice beast.

Vanquished Creatures
  Pikel (D:5)
  Eustachio (D:5)
  A phantom (D:6)
  2 centaurs
  3 giant frogs (D:6)
  A crimson imp (D:5)
  A giant frog zombie (D:6)
  2 orc priests
  3 orc wizards
  An iguana (D:6)
  4 worker ants
  A hound zombie (D:5)
  10 adders
  3 gnolls (D:5)
  2 oozes
  2 adder skeletons (D:4)
  3 worms
  8 giant geckos
  20 orcs
  6 ball pythons
  8 bats
  2 giant cockroaches
  9 goblins
  5 hobgoblins
  8 jackals
  2 quokkas
  3 giant newts
  7 kobolds
  A quokka zombie (D:5)
  8 rats
128 creatures vanquished.

Vanquished Creatures (collateral kills)
  Duvessa (D:6)
  A giant frog (D:6)
  Dowan (D:6)
  A centaur skeleton (D:6)
  A worker ant (D:6)
  An orc (D:6)
6 creatures vanquished.

Vanquished Creatures (others)
  An ogre (D:5)
1 creature vanquished.

Grand Total: 135 creatures vanquished

Notes
Turn   | Place    | Note
--------------------------------------------------------------
     0 | D:1      | xgamer67 the Octopode Ice Elementalist began the quest for the Orb.
     0 | D:1      | Reached XP level 1. HP: 11/11 MP: 3/3
   135 | D:1      | Reached XP level 2. HP: 17/17 MP: 5/5
   141 | D:1      | Learned a level 2 spell: Throw Frost
   350 | D:1      | Reached skill level 4 in Ice Magic
   369 | D:1      | Reached XP level 3. HP: 11/21 MP: 2/6
   374 | D:1      | Learned a level 3 spell: Ozocubu's Armour
   968 | D:2      | Reached XP level 4. HP: 27/27 MP: 4/7
  1124 | D:2      | Reached skill level 5 in Ice Magic
  1973 | D:3      | Reached XP level 5. HP: 25/31 MP: 8/8
  2073 | D:3      | Reached skill level 1 in Charms
  2577 | D:5      | Entered Level 5 of the Dungeon
  3192 | D:4      | Reached XP level 6. HP: 10/36 MP: 6/9
  3912 | D:5      | Noticed Pikel
  3912 | D:5      | Noticed a slave
  3999 | D:5      | Got a shimmering rapier
  4000 | D:5      | Identified the +7 rapier of the Sky {antimagic, rElec MR+ Str+4} (You found it on level 5 of the Dungeon)
  4616 | D:5      | Noticed a phantom
  4651 | D:5      | Noticed Eustachio
  4670 | D:5      | Reached XP level 7. HP: 41/41 MP: 10/10
  4766 | D:5      | Killed Eustachio
  5057 | D:5      | Found a white marble altar of Elyvilon.
  5135 | D:5      | Found a glowing golden altar of the Shining One.
  5292 | D:5      | Reached skill level 6 in Ice Magic
  5298 | D:5      | Learned a level 4 spell: Summon Ice Beast
  5380 | D:6      | Reached skill level 1 in Summonings
  5782 | D:6      | Noticed Duvessa
  5830 | D:6      | Reached XP level 8. HP: 37/46 MP: 12/12
  6305 | D:6      | Found a stormy altar of Qazlal.
  6308 | D:6      | Found a sacrificial altar of Ru.
  6312 | D:6      | Found a bloodstained altar of Trog.
  6312 | D:6      | Found a white marble altar of Elyvilon.
  6316 | D:6      | Found a snail-covered altar of Cheibriados.
  6368 | D:6      | Noticed Dowan
  6369 | D:6      | Killed Duvessa
  6376 | D:6      | Reached skill level 5 in Stealth
  6386 | D:6      | Killed Dowan
  6484 | D:6      | Found a deep blue altar of Sif Muna.
  6584 | D:6      | Learned a level 4 spell: Throw Icicle
  6753 | D:5      | Paralysed by Pikel for 2 turns
  6756 | D:5      | Killed Pikel
  6756 | D:5      | Reached skill level 7 in Stealth
  6756 | D:5      | Reached XP level 9. HP: 51/51 MP: 11/15
  6778 | D:5      | Found a staircase to the Ecumenical Temple.
  6790 | Temple   | Entered the Ecumenical Temple
  7034 | Temple   | Became a worshipper of Vehumet
  7178 | D:6      | Slain by an ice beast

Vault maps used:
D:1:      eino_arrival_druids_welcome
D:3:      kennysheep_big_flooded_room, portal_sewer_entry_b, patterned_corridor
D:4:      first_bread, minmay_misc_feat_iff
D:5:      nicolae_tso_swordbearing_angel, minmay_temple_entry_statues_fountains,
          basic_altar, kennysheep_generic_room_8, uniq_pikel, uniq_eustachio
D:6:      minitemple, tgw_sif, uniq_duvessa
Temple:   minmay_temple_curvy_14

Action                   |  1- 3 |  4- 6 |  7- 9 || total
-------------------------+-------+-------+-------++-------
Melee: Whip              |    37 |   101 |       ||   138
       Dagger            |       |     4 |    45 ||    49
Throw: Javelin           |     1 |     2 |       ||     3
       Tomahawk          |       |     1 |       ||     1
 Cast: Freeze            |    15 |    52 |    48 ||   115
       Throw Frost       |     2 |    30 |     8 ||    40
       Summon Ice Beast  |       |       |     9 ||     9
       Throw Icicle      |       |       |     3 ||     3
  Use: Scroll            |     6 |     4 |       ||    10
       Potion            |       |     4 |     2 ||     6
 Stab: Sleeping          |     9 |    11 |     2 ||    22
       Distracted        |       |     2 |       ||     2
  Eat: Chunk             |       |    14 |     3 ||    17
       Meat ration       |       |       |     1 ||     1
